TOP OF THE 1ST |
St. Louis Browns batting - Pitching for New Orleans Looters : RHP Gennarino Lucchetti
|
Pitching: RHP Gennarino Lucchetti
|
|
Batting: SHB Ryobe Yamamoto
|
0-0: Called Strike 0-1: Called Strike 0-2: Foul Ball, location: 2F 0-2: Ball 1-2: Ground out 4-3 (Groundball, 4)
|
Batting: LHB Robin Hill
|
0-0: Swinging Strike 0-1: Ball 1-1: Fly out, F7 (Line Drive, 7)
|
Batting: LHB Mike Hill
|
0-0: Ground out 1-3 (Groundball, 13)
|
Top of the 1st over - 0 run(s), 0 hit(s), 0 error(s), 0 left on base; St. Louis 0 - New Orleans 0 |
BOTTOM OF THE 1ST |
New Orleans Looters batting - Pitching for St. Louis Browns : RHP Armando Avilés
|
Pitching: RHP Armando Avilés
|
|
Batting: RHB Rubén Vázquez
|
0-0: Called Strike 0-1: Ball 1-1: Called Strike 1-2: Foul Ball, location: 2F 1-2: Strikes out swinging
|
Batting: RHB Stephen Shaw
|
0-0: Foul Ball, location: 2F 0-1: SINGLE (Line Drive, 89M)
|
Batting: LHB Seung-chun Mun
|
0-0: Foul Ball, location: 2F 0-1: Fly out, F7 (Line Drive, 7S)
|
Batting: LHB Luis Sánchez
|
0-0: Fly out, F4 (Popup, 34D)
|
Bottom of the 1st over - 0 run(s), 1 hit(s), 0 error(s), 1 left on base; St. Louis 0 - New Orleans 0 |
TOP OF THE 2ND |
St. Louis Browns batting - Pitching for New Orleans Looters : RHP Gennarino Lucchetti
|
Batting: LHB Jorge Torres
|
0-0: Called Strike 0-1: Foul Ball, location: 2F 0-2: Strikes out looking
|
Batting: RHB Anthony Rucker
|
0-0: Swinging Strike 0-1: Ball 1-1: Ball 2-1: Ball 3-1: DOUBLE (Line Drive, 78D)
|
Batting: LHB Stan Hickman
|
0-0: Ball 1-0: Called Strike 1-1: Fly out, F4 (Popup, 4)
|
Batting: RHB José Flores
|
0-0: Called Strike 0-1: Swinging Strike 0-2: Strikes out swinging
|
Top of the 2nd over - 0 run(s), 1 hit(s), 0 error(s), 1 left on base; St. Louis 0 - New Orleans 0 |
BOTTOM OF THE 2ND |
New Orleans Looters batting - Pitching for St. Louis Browns : RHP Armando Avilés
|
Batting: SHB Oliver Deleón
|
0-0: Called Strike 0-1: Swinging Strike 0-2: Fly out, F7 (Flyball, 78M)
|
Batting: RHB Dave O'Loan
|
0-0: Fly out, F9 (Flyball, 89M)
|
Batting: SHB Nate Rhodes
|
0-0: Ball 1-0: Swinging Strike 1-1: Foul Ball, location: 2F 1-2: Ball 2-2: Foul Ball, location: 2F 2-2: Foul Ball, location: 2F 2-2: Strikes out swinging
|
Bottom of the 2nd over - 0 run(s), 0 hit(s), 0 error(s), 0 left on base; St. Louis 0 - New Orleans 0 |
TOP OF THE 3RD |
St. Louis Browns batting - Pitching for New Orleans Looters : RHP Gennarino Lucchetti
|
Batting: RHB Domingo Romero
|
0-0: Ball 1-0: Foul Ball, location: 2F 1-1: Swinging Strike 1-2: Strikes out swinging
|
Batting: LHB Joe Sanders
|
0-0: Ball 1-0: Foul Ball, location: 2F 1-1: Ball 2-1: Foul Ball, location: 2F 2-2: Ball 3-2: Ground out 4-3 (Groundball, 4S)
|
Batting: SHB Ryobe Yamamoto
|
0-0: Ball 1-0: Called Strike 1-1: Ball 2-1: Swinging Strike 2-2: Ball 3-2: Base on Balls
|
Batting: LHB Robin Hill
|
0-0: SINGLE (Groundball, 4MD) Ryobe Yamamoto to second
|
Batting: LHB Mike Hill
|
0-0: SINGLE (Line Drive, 7S) Ryobe Yamamoto to third Robin Hill to second Runner from 3rd tries for Home, SAFE, no throw
|
Batting: LHB Jorge Torres
|
0-0: Swinging Strike 0-1: Ball 1-1: SINGLE (Groundball, 4MD) Robin Hill to third Mike Hill to second Runner from 3rd tries for Home, SAFE, no throw
|
Batting: RHB Anthony Rucker
|
0-0: Ball 1-0: Foul Ball, location: 2F 1-1: Ball 2-1: Swinging Strike 2-2: Strikes out swinging
|
Top of the 3rd over - 2 run(s), 3 hit(s), 0 error(s), 2 left on base; St. Louis 2 - New Orleans 0 |
BOTTOM OF THE 3RD |
New Orleans Looters batting - Pitching for St. Louis Browns : RHP Armando Avilés
|
Batting: RHB John Anderson
|
0-0: Called Strike 0-1: Foul Ball, location: 2F 0-2: Ball 1-2: Ball 2-2: Fly out, F3 (Flyball, 3D)
|
Batting: RHB Tim Gardner
|
0-0: Swinging Strike 0-1: Fly out, F2 (Popup, 23)
|
Batting: RHB Rubén Vázquez
|
0-0: Ball 1-0: Foul Ball, location: 2F 1-1: Foul Ball, location: 2F 1-2: Ground out 5-3 (Groundball, 56)
|
Bottom of the 3rd over - 0 run(s), 0 hit(s), 0 error(s), 0 left on base; St. Louis 2 - New Orleans 0 |
TOP OF THE 4TH |
St. Louis Browns batting - Pitching for New Orleans Looters : RHP Gennarino Lucchetti
|
Batting: LHB Stan Hickman
|
0-0: Foul Ball, location: 2F 0-1: Ball 1-1: Fly out, F7 (Flyball, 7LM)
|
Batting: RHB José Flores
|
0-0: Ground out 4-3 (Groundball, 4)
|
Batting: RHB Domingo Romero
|
0-0: Fly out, F7 (Flyball, 78D)
|
Top of the 4th over - 0 run(s), 0 hit(s), 0 error(s), 0 left on base; St. Louis 2 - New Orleans 0 |
BOTTOM OF THE 4TH |
New Orleans Looters batting - Pitching for St. Louis Browns : RHP Armando Avilés
|
Batting: RHB Stephen Shaw
|
0-0: Ball 1-0: Foul Ball, location: 2F 1-1: Swinging Strike 1-2: SINGLE (Line Drive, 56)
|
Batting: LHB Seung-chun Mun
|
0-0: Ball 1-0: Ball 2-0: Foul Ball, location: 2F 2-1: Swinging Strike 2-2: Ball 3-2: Grounds into double play, 4-6-3 (Groundball, 4)
|
Batting: LHB Luis Sánchez
|
0-0: Ball 1-0: Called Strike 1-1: Ball 2-1: DOUBLE (Flyball, 78D)
|
Batting: SHB Oliver Deleón
|
0-0: Called Strike 0-1: Called Strike 0-2: SINGLE (Line Drive, 78S) Luis Sánchez to third Runner from 3rd tries for Home, SAFE, no throw
|
Batting: RHB Dave O'Loan
|
0-0: Ball Wild Pitch! Oliver Deleón to second 1-0: Foul Ball, location: 2F 1-1: Called Strike 1-2: Strikes out swinging
|
Bottom of the 4th over - 1 run(s), 3 hit(s), 0 error(s), 1 left on base; St. Louis 2 - New Orleans 1 |
TOP OF THE 5TH |
St. Louis Browns batting - Pitching for New Orleans Looters : RHP Gennarino Lucchetti
|
Batting: LHB Joe Sanders
|
0-0: Called Strike 0-1: Called Strike 0-2: Strikes out swinging
|
Batting: SHB Ryobe Yamamoto
|
0-0: Called Strike 0-1: Swinging Strike 0-2: Ground out 6-3 (Groundball, 6)
|
Batting: LHB Robin Hill
|
0-0: Ball 1-0: Called Strike 1-1: Fly out, F8 (Flyball, 8RS)
|
Top of the 5th over - 0 run(s), 0 hit(s), 0 error(s), 0 left on base; St. Louis 2 - New Orleans 1 |
BOTTOM OF THE 5TH |
New Orleans Looters batting - Pitching for St. Louis Browns : RHP Armando Avilés
|
Batting: SHB Nate Rhodes
|
0-0: Called Strike 0-1: Bunt for hit - play at first, batter OUT! 1-3
|
Batting: RHB John Anderson
|
0-0: Ball 1-0: Ground out 4-3 (Groundball, 4)
|
Batting: RHB Tim Gardner
|
0-0: Foul Ball, location: 2F 0-1: Ball 1-1: Ground out 5-3 (Groundball, 56)
|
Bottom of the 5th over - 0 run(s), 0 hit(s), 0 error(s), 0 left on base; St. Louis 2 - New Orleans 1 |
TOP OF THE 6TH |
St. Louis Browns batting - Pitching for New Orleans Looters : RHP Gennarino Lucchetti
|
Batting: LHB Mike Hill
|
0-0: Fly out, F6 (Popup, 6D)
|
Batting: LHB Jorge Torres
|
0-0: Fly out, F6 (Popup, 56)
|
Batting: RHB Anthony Rucker
|
0-0: Called Strike 0-1: Ball 1-1: Ball 2-1: Ground out 6-3 (Groundball, 6)
|
Top of the 6th over - 0 run(s), 0 hit(s), 0 error(s), 0 left on base; St. Louis 2 - New Orleans 1 |
BOTTOM OF THE 6TH |
New Orleans Looters batting - Pitching for St. Louis Browns : RHP Armando Avilés
|
Batting: RHB Rubén Vázquez
|
0-0: Ball 1-0: Foul Ball, location: 2F 1-1: Called Strike 1-2: Foul Ball, location: 2F 1-2: Ball 2-2: Ball 3-2: Foul Ball, location: 2F 3-2: Foul Ball, location: 2F 3-2: SINGLE (Groundball, 56D)
|
Batting: RHB Stephen Shaw
|
0-0: Ball 1-0: Ball 2-0: Ball 3-0: Base on Balls Rubén Vázquez to second
|
Batting: LHB Seung-chun Mun
|
0-0: Called Strike 0-1: Foul Ball, location: 2F 0-2: Ball 1-2: Fielders Choice at 2nd, 1-6 (Groundball, 13S) Rubén Vázquez to third
|
Batting: LHB Luis Sánchez
|
0-0: Ball 1-0: Called Strike 1-1: Called Strike 1-2: Strikes out swinging
|
Batting: SHB Oliver Deleón
|
0-0: Ball 1-0: Fielders Choice at 2nd, 5-4 (Groundball, 5)
|
Bottom of the 6th over - 0 run(s), 1 hit(s), 0 error(s), 1 left on base; St. Louis 2 - New Orleans 1 |
TOP OF THE 7TH |
St. Louis Browns batting - Pitching for New Orleans Looters : RHP Gennarino Lucchetti
|
Batting: LHB Stan Hickman
|
0-0: Called Strike 0-1: Called Strike 0-2: Foul Ball, location: 2F 0-2: Ball 1-2: Ball 2-2: Foul Ball, location: 2F 2-2: Ball 3-2: Strikes out swinging
|
Batting: RHB José Flores
|
0-0: Ball 1-0: Foul Ball, location: 2F 1-1: Ball 2-1: Called Strike 2-2: Ground out 4-3 (Groundball, 4)
|
Batting: RHB Domingo Romero
|
0-0: Ball 1-0: Swinging Strike 1-1: Ball 2-1: Ball 3-1: Called Strike 3-2: Ground out 5-3 (Groundball, 5L)
|
Top of the 7th over - 0 run(s), 0 hit(s), 0 error(s), 0 left on base; St. Louis 2 - New Orleans 1 |
BOTTOM OF THE 7TH |
New Orleans Looters batting - Pitching for St. Louis Browns : RHP Armando Avilés
|
Batting: RHB Dave O'Loan
|
0-0: Called Strike 0-1: Ball 1-1: Ground out 6-3 (Groundball, 6S)
|
Batting: SHB Nate Rhodes
|
0-0: Called Strike 0-1: Foul Ball, location: 2F 0-2: Ball 1-2: Fly out, F3 (Line Drive, 34)
|
Batting: RHB John Anderson
|
0-0: Called Strike 0-1: Foul Ball, location: 2F 0-2: Ball 1-2: Ball 2-2: Ground out 4-3 (Groundball, 4)
|
Bottom of the 7th over - 0 run(s), 0 hit(s), 0 error(s), 0 left on base; St. Louis 2 - New Orleans 1 |
TOP OF THE 8TH |
St. Louis Browns batting - Pitching for New Orleans Looters : RHP Gennarino Lucchetti
|
Batting: LHB Joe Sanders
|
0-0: Foul Ball, location: 2F 0-1: Ball 1-1: Fly out, F9 (Flyball, 9)
|
Batting: SHB Ryobe Yamamoto
|
0-0: Ball 1-0: Ball 2-0: Foul Ball, location: 2F 2-1: SINGLE (Groundball, 56D)
|
Batting: LHB Robin Hill
|
Pickoff Throw to First - Out! 0-0: Foul Ball, location: 2F 0-1: Ball 1-1: SINGLE (Groundball, 3S) (infield hit)
|
Batting: LHB Mike Hill
|
0-0: Foul Ball, location: 2F 0-1: SINGLE (Line Drive, 4MD) Robin Hill to second Runner from 2nd tries for 3rd, SAFE, throw made to third Mike Hill to second
|
Batting: LHB Jorge Torres
|
0-0: Swinging Strike 0-1: Ball 1-1: Fly out, F8 (Flyball, 8LS)
|
Top of the 8th over - 0 run(s), 3 hit(s), 0 error(s), 2 left on base; St. Louis 2 - New Orleans 1 |
BOTTOM OF THE 8TH |
New Orleans Looters batting - Pitching for St. Louis Browns : RHP Armando Avilés
|
Pitching: RHP Beau Brown
|
|
Batting: RHB Tim Gardner
|
0-0: Swinging Strike 0-1: Ball 1-1: Ball 2-1: Ball 3-1: Base on Balls
|
Batting: RHB Rubén Vázquez
|
0-0: Ball 1-0: Sac Bunt - play at first, batter OUT! 1-4 Tim Gardner to second
|
Batting: RHB Stephen Shaw
|
0-0: Ball 1-0: Ball 2-0: Ball 3-0: Base on Balls
|
Pitching: RHP John Allan
|
|
Batting: LHB Seung-chun Mun
|
0-0: Ball 1-0: Ball 2-0: SINGLE (Groundball, 34D) Tim Gardner to third Stephen Shaw to second Runner from 3rd tries for Home, SAFE, no throw
|
Batting: LHB Luis Sánchez
|
0-0: Swinging Strike 0-1: Swinging Strike 0-2: Strikes out swinging
|
Batting: SHB Oliver Deleón
|
0-0: Ball 1-0: Fielders Choice at 2nd, 6-4 (Groundball, 6)
|
Bottom of the 8th over - 1 run(s), 1 hit(s), 0 error(s), 1 left on base; St. Louis 2 - New Orleans 2 |
TOP OF THE 9TH |
St. Louis Browns batting - Pitching for New Orleans Looters : RHP Gennarino Lucchetti
|
Pitching: RHP Juan Flores
|
|
Batting: RHB Anthony Rucker
|
0-0: SINGLE (Groundball, 6D)
|
Batting: LHB Stan Hickman
|
0-0: Bunted foul 0-1: Ball 1-1: Bunted foul 1-2: Strikes out swinging
|
Batting: RHB José Flores
|
0-0: Ball 1-0: Called Strike 1-1: Ball 2-1: Ground out 5-3 (Groundball, 5S) Anthony Rucker to second
|
Pinch Hitting: RHB Mario Rosales
|
0-0: Ball 1-0: Called Strike 1-1: Foul Ball, location: 2F 1-2: Strikes out swinging
|
Top of the 9th over - 0 run(s), 1 hit(s), 0 error(s), 1 left on base; St. Louis 2 - New Orleans 2 |
BOTTOM OF THE 9TH |
New Orleans Looters batting - Pitching for St. Louis Browns : RHP John Allan
|
Now at SS: Tommy Evans
|
|
Batting: RHB Dave O'Loan
|
0-0: Ball 1-0: Foul Ball, location: 2F 1-1: Foul Ball, location: 2F 1-2: Ball 2-2: Ground out 5-3 (Groundball, 56)
|
Batting: SHB Nate Rhodes
|
0-0: Called Strike 0-1: Ball 1-1: Ball 2-1: TRIPLE (Line Drive, 89S)
|
Pinch Hitting: LHB Taylor Smith
|
0-0: Intentional Walk
|
Pinch Hitting: LHB Jeff Cole
|
0-0: Ball 1-0: Called Strike 1-1: Ball 2-1: Ball 3-1: Swinging Strike 3-2: Foul Ball, location: 2F 3-2: Foul Ball, location: 2F 3-2: Base on Balls Taylor Smith to second
|
Batting: RHB Rubén Vázquez
|
0-0: Ball 1-0: Called Strike 1-1: DOUBLE (Line Drive, 8RD) Nate Rhodes scores
|
Thursday, March 30th, 2017 - OOTP Baseball 17.12 Build 75
|
|